[Event "Portugal Open 2020"]
[Site "Lisbon"]
[Date "2020.01.26"]
[Round "2.37"]
[White "Heid, Michael"]
[Black "Bayramov, Zaur"]
[Result "0-1"]
[ECO "A45"]
[WhiteElo "1953"]
[BlackElo "2333"]
[Annotator "NA"]
[PlyCount "68"]
[EventDate "2020.01.25"]
[EventType "swiss"]
[EventCountry "POR"]
[SourceTitle "playchess.com"]
[Source "ChessBase"]
[SourceQuality "1"]
[TimeControl "5400+30"]

1. d4 Nf6 2. Bf4 d6 3. Nf3 g6 4. e3 Bg7 5. Bd3 O-O 6. h3 Nc6 7. c3 Re8 8. Bb5 Bd7 9. O-O a6 10. Ba4 b5 11. Bb3 e5 12. dxe5 dxe5 13. Bh2 h6 14. Nbd2 e4 15. Nd4 Ne5 16. Bc2 c5 17. N4b3 c4 18. Nc5 Nd3 19. Nxd7 Qxd7 20. Bxd3 exd3 21. Qf3 Qd5 22. Qxd5 Nxd5 23. a3 Nb6 24. h4 Na4 25. Rfe1 a5 26. Kf1 Rac8 27. Rac1 b4 28. axb4 axb4 29. cxb4 Nxb2 30. b5 c3 31. b6 cxd2 32. Rxc8 Rxc8 33. Bc7 d1=Q 34. b7 Re8 0-1

[Event "Portugal Open 2020"]
[Site "Lisbon"]
[Date "2020.01.26"]
[Round "2.38"]
[White "Napoli, Nicolo"]
[Black "Moretti, Filippo"]
[Result "1/2-1/2"]
[ECO "A04"]
[WhiteElo "2333"]
[BlackElo "1969"]
[Annotator "NA"]
[PlyCount "77"]
[EventDate "2020.01.25"]
[EventType "swiss"]
[EventCountry "POR"]
[SourceTitle "playchess.com"]
[Source "ChessBase"]
[SourceQuality "1"]
[TimeControl "5400+30"]

1. Nf3 f5 2. b3 Nf6 3. Bb2 g6 4. Bxf6 exf6 5. c4 d5 6. e3 Be6 7. Nc3 c6 8. cxd5 Bxd5 9. Nxd5 cxd5 10. Nd4 Bd6 11. Bb5+ Kf7 12. Rc1 a6 13. Bd3 Be5 14. Ne2 Nc6 15. O-O Nb4 16. Bb1 Bb2 17. Rc5 b6 18. Rc2 Nxc2 19. Qxc2 Ba3 20. Qc6 Re8 21. Nf4 Qd6 22. Qxd6 Bxd6 23. Nxd5 b5 24. a4 Rad8 25. axb5 axb5 26. Nc3 Bb4 27. Nxb5 Rxd2 28. Nd4 Bc5 29. Nf3 Rb2 30. Bd3 Ra8 31. h4 Ke7 32. Bc4 f4 33. exf4 Rxf2 34. Rxf2 Ra2 35. Kh2 Rxf2 36. Kh3 Rb2 37. Ne1 Rb1 38. Nd3 Bd6 39. Kg4 1/2-1/2

[Event "Portugal Open 2020"]
[Site "Lisbon"]
[Date "2020.01.26"]
[Round "2.39"]
[White "Esquivias Quintero, Luis Manuel"]
[Black "Roque, Armando Filipe"]
[Result "1-0"]
[ECO "C03"]
[WhiteElo "2318"]
[BlackElo "1960"]
[Annotator "NA"]
[PlyCount "63"]
[EventDate "2020.01.25"]
[EventType "swiss"]
[EventCountry "POR"]
[SourceTitle "playchess.com"]
[Source "ChessBase"]
[SourceQuality "1"]
[TimeControl "5400+30"]

1. e4 e6 2. d4 d5 3. Nd2 Be7 4. Ngf3 Nf6 5. e5 Nfd7 6. c3 c5 7. Bd3 Nc6 8. O-O g5 9. Qe2 Qc7 10. Qe3 h6 11. Ne1 Qb6 12. Nc2 h5 13. Kh1 Nf8 14. f4 c4 15. Be2 g4 16. b3 cxb3 17. axb3 Bd7 18. c4 O-O-O 19. Ba3 Bxa3 20. Rxa3 a6 21. c5 Qc7 22. Rfa1 Nb8 23. b4 Bc6 24. Nb3 Qd7 25. Na5 Bb5 26. c6 bxc6 27. Nb3 Qe7 28. Nc5 Nfd7 29. Nxa6 Nb6 30. Bxb5 cxb5 31. Qc3+ Kb7 32. Nc5+ 1-0

[Event "Portugal Open 2020"]
[Site "Lisbon"]
[Date "2020.01.26"]
[Round "2.40"]
[White "Jorge, Rita Maria Osorio"]
[Black "Veiga, Jose Francisco R P N"]
[Result "0-1"]
[ECO "C54"]
[WhiteElo "1932"]
[BlackElo "2312"]
[Annotator "NA"]
[PlyCount "70"]
[EventDate "2020.01.25"]
[EventType "swiss"]
[EventCountry "POR"]
[SourceTitle "playchess.com"]
[Source "ChessBase"]
[SourceQuality "1"]
[TimeControl "5400+30"]

1. e4 e5 2. Nf3 Nc6 3. Bc4 Bc5 4. c3 Nf6 5. d3 O-O 6. Bg5 h6 7. Bh4 Be7 8. Nbd2 d6 9. a4 Nh5 10. g3 Nf6 11. Bxf6 Bxf6 12. h4 Bg4 13. Nf1 Ne7 14. Ne3 Bc8 15. Nh2 g6 16. Nhg4 Bg7 17. Qf3 c6 18. O-O Kh8 19. Nf6 Nf5 20. Nfg4 Ne7 21. Nf6 Nf5 22. Nfg4 Nxe3 23. Nxe3 f5 24. Qd1 f4 25. Ng2 Bh3 26. Qf3 Qd7 27. gxf4 Bxg2 28. Qxg2 Rxf4 29. f3 d5 30. Bb3 Bf6 31. Kf2 Bxh4+ 32. Ke2 Bg5 33. Rh1 dxe4 34. fxe4 Rg4 35. Qh3 Rxe4+ 0-1

[Event "Portugal Open 2020"]
[Site "Lisbon"]
[Date "2020.01.26"]
[Round "2.41"]
[White "Risting, Eivind Olav"]
[Black "Figueiredo, Mario"]
[Result "1-0"]
[ECO "A51"]
[WhiteElo "2306"]
[BlackElo "1939"]
[Annotator "NA"]
[PlyCount "107"]
[EventDate "2020.01.25"]
[EventType "swiss"]
[EventCountry "POR"]
[SourceTitle "playchess.com"]
[Source "ChessBase"]
[SourceQuality "1"]
[TimeControl "5400+30"]

1. d4 Nf6 2. c4 e5 3. dxe5 Ne4 4. Nf3 Bb4+ 5. Nbd2 Nc6 6. e3 O-O 7. Be2 Qe7 8. O-O Nxd2 9. Nxd2 Bxd2 10. Qxd2 Nxe5 11. f4 Nc6 12. Bf3 d6 13. Re1 Be6 14. b3 Rad8 15. Bb2 f6 16. Rad1 Rd7 17. g4 Rfd8 18. Qg2 f5 19. gxf5 Bxf5 20. e4 Be6 21. f5 Ne5 22. Bxe5 dxe5 23. fxe6 Rxd1 24. Rxd1 Rxd1+ 25. Bxd1 Qxe6 26. Bg4 Qd6 27. Qf2 b6 28. c5 Qc6 29. Be2 g6 30. Bc4+ Kg7 31. Qf7+ Kh6 32. Qf8+ Kg5 33. h4+ Kxh4 34. Qh6+ Kg3 35. Qh2+ Kf3 36. Qxe5 Qd7 37. Qc3+ Kxe4 38. Qe1+ Kf4 39. Qf2+ Kg5 40. Qe3+ Kf6 41. Qc3+ Kg5 42. Qe3+ Kf6 43. Kh2 h5 44. cxb6 cxb6 45. Bd3 Qd6+ 46. Kg2 Kg7 47. Qe4 h4 48. Qf3 g5 49. Kh3 Qd4 50. Qf5 Qe3+ 51. Kg4 Qg3+ 52. Kh5 h3 53. Qg6+ Kf8 54. Qf6+ 1-0

[Event "Portugal Open 2020"]
[Site "Lisbon"]
[Date "2020.01.26"]
[Round "2.42"]
[White "Candeias, Humberto"]
[Black "Chkhaidze, Nikoloz"]
[Result "0-1"]
[ECO "D32"]
[WhiteElo "1921"]
[BlackElo "2288"]
[Annotator "NA"]
[PlyCount "50"]
[EventDate "2020.01.25"]
[EventType "swiss"]
[EventCountry "POR"]
[SourceTitle "playchess.com"]
[Source "ChessBase"]
[SourceQuality "1"]
[TimeControl "5400+30"]

1. d4 d5 2. c4 e6 3. Nc3 c5 4. e3 Nf6 5. Nf3 Nc6 6. Be2 a6 7. O-O dxc4 8. Bxc4 b5 9. Bd3 cxd4 10. exd4 Bb7 11. Ne4 Nb4 12. Nxf6+ gxf6 13. Be2 Bd6 14. a4 bxa4 15. Qxa4+ Bc6 16. Qa5 Qb8 17. Qh5 Ke7 18. d5 Bxd5 19. Ra5 Qb6 20. Rxd5 Nxd5 21. Bc4 Qc5 22. Qh4 Rhg8 23. Re1 h5 24. b3 Rg4 25. Qxh5 Rxg2+ 0-1

[Event "Portugal Open 2020"]
[Site "Lisbon"]
[Date "2020.01.26"]
[Round "3.10"]
[White "Veiga, Jose Francisco R P N"]
[Black "Haldorsen, Benjamin"]
[Result "1/2-1/2"]
[ECO "B67"]
[WhiteElo "2312"]
[BlackElo "2463"]
[Annotator "RC"]
[PlyCount "84"]
[EventDate "2020.01.25"]
[EventType "swiss"]
[EventCountry "POR"]
[SourceTitle "playchess.com"]
[Source "ChessBase"]
[SourceQuality "1"]
[TimeControl "5400+30"]

1. e4 c5 2. Nf3 Nc6 3. d4 cxd4 4. Nxd4 Nf6 5. Nc3 d6 6. Bg5 e6 7. Qd2 a6 8. O-O-O Bd7 9. f4 h6 10. Bxf6 Qxf6 11. Nf3 Qd8 12. Bd3 Be7 13. Rhe1 Qc7 14. g4 O-O-O 15. h4 Kb8 16. Kb1 Rc8 17. g5 Na5 18. Qe3 hxg5 19. hxg5 Nc4 20. Bxc4 Qxc4 21. Rh1 Rxh1 22. Rxh1 g6 23. Qd3 Qc5 24. Rh7 Be8 25. f5 Bd8 26. fxg6 fxg6 27. Nd4 Qe5 28. Nf3 Qc5 29. Nd4 Qe5 30. Nf3 Qf4 31. Ne2 Qf8 32. Ned4 Qg8 33. Rh1 e5 34. Ne2 Qe6 35. Nc3 Ba5 36. Nd5 Bb5 37. Qa3 Bd8 38. Rh7 Bc4 39. Ne3 Be2 40. Nd5 Bc4 41. Ne3 Be2 42. Nd5 Bc4 1/2-1/2

[Event "Portugal Open 2020"]
[Site "Lisbon"]
[Date "2020.01.26"]
[Round "3.35"]
[White "Morais, Vitor"]
[Black "Baba, Masahiro"]
[Result "0-1"]
[ECO "A25"]
[WhiteElo "1864"]
[BlackElo "2274"]
[Annotator "NA RC"]
[PlyCount "50"]
[EventDate "2020.01.25"]
[EventType "swiss"]
[EventCountry "POR"]
[SourceTitle "playchess.com"]
[Source "ChessBase"]
[SourceQuality "1"]
[TimeControl "5400+30"]

1. c4 e5 2. Nc3 Nc6 3. g3 Bc5 4. Bg2 d6 5. e3 a6 6. Nge2 {[%emt 0:00:05] A25: English Opening vs King's Indian with ...Nc6 but without early d3} h5 (6... Ba7 7. O-O h5 8. d4 h4 9. c5 hxg3 10. hxg3 Nge7 11. cxd6 Qxd6 12. dxe5 Qxe5 {0-1 (25) Guseinov,G (2666)-Nihal,S (2612) Moscow 2019}) 7. h4 $146 ({Predecessor:} 7. d4 Ba7 8. h4 {0-1 (44) Schoene,R (2279)-Meskovs,N (2524) Deizisau 2017}) 7... Nf6 8. d4 Ba7 9. b3 Bg4 10. Qd2 O-O 11. d5 Ne7 12. Bb2 Rb8 13. O-O Qd7 14. Rae1 Bh3 15. Nc1 b5 16. cxb5 axb5 17. e4 Nh7 18. Kh2 Bxg2 19. Kxg2 b4 20. Nd1 {[%emt 0:01:44] [#]} f5 $1 21. f4 Nf6 22. exf5 $19 Nxf5 23. fxe5 Nxh4+ 24. gxh4 Qg4+ 25. Kh1 Ne4 0-1

[Event "Portugal Open 2020"]
[Site "Lisbon"]
[Date "2020.01.27"]
[Round "4.36"]
[White "Casagrande, Federico"]
[Black "Balbuena Fuentes, Mario"]
[Result "*"]
[ECO "A45"]
[WhiteElo "1999"]
[BlackElo "2234"]
[Annotator "RC"]
[PlyCount "59"]
[EventDate "2020.01.25"]
[EventType "swiss"]
[EventCountry "POR"]
[SourceTitle "playchess.com"]
[Source "ChessBase"]
[SourceQuality "1"]
[TimeControl "5400+30"]

1. d4 Nf6 2. Nc3 d5 3. Bf4 a6 4. e3 e6 5. Bd3 c5 6. dxc5 Bxc5 7. Nf3 O-O 8. a3 b5 9. O-O Bb7 10. Qe2 Nbd7 11. Nb1 Re8 12. Ne5 Nxe5 13. Bxe5 Nd7 14. Bc3 e5 15. Bf5 g6 16. Bh3 Nf6 17. Nd2 d4 18. Bb4 Bb6 19. Nb3 Ne4 20. Bg4 a5 21. Be1 dxe3 22. fxe3 Qg5 23. Bd7 Bxe3+ 24. Kh1 Red8 25. Bxb5 a4 26. Na5 Rd2 27. Nxb7 Rxe2 28. Bxe2 Rb8 29. Bf3 Qf5 30. Bxe4 *

[Event "Portugal Open 2020"]
[Site "Lisbon"]
[Date "2020.01.28"]
[Round "5.20"]
[White "Garcia Dorado, Alberto"]
[Black "Taboas Rodriguez, Daniel"]
[Result "*"]
[ECO "A50"]
[WhiteElo "2152"]
[BlackElo "2348"]
[Annotator "RC"]
[PlyCount "42"]
[EventDate "2020.01.25"]
[EventType "swiss"]
[EventCountry "POR"]
[SourceTitle "playchess.com"]
[Source "ChessBase"]
[SourceQuality "1"]
[TimeControl "5400+30"]

1. d4 Nf6 2. c4 b6 3. f3 Nc6 4. d5 Ne5 5. e4 e6 6. Bf4 Ng6 7. Be3 Bc5 8. Bxc5 bxc5 9. Nc3 O-O 10. Bd3 Rb8 11. Nge2 Rxb2 12. Na4 Rb4 13. Nxc5 c6 14. Qd2 Qb6 15. Nb3 cxd5 16. exd5 d6 17. Bxg6 hxg6 18. Rc1 exd5 19. cxd5 Bb7 20. Nbd4 Re8 21. Rd1 Ba6 *

[Event "Portugal Open 2020"]
[Site "Lisbon"]
[Date "2020.01.28"]
[Round "5.40"]
[White "Twardowski, Hubert"]
[Black "Gonzalez Trigal, Jose Luis"]
[Result "1/2-1/2"]
[ECO "C55"]
[WhiteElo "1875"]
[BlackElo "2369"]
[Annotator "RC"]
[PlyCount "76"]
[EventDate "2020.01.25"]
[EventType "swiss"]
[EventCountry "POR"]
[SourceTitle "playchess.com"]
[Source "ChessBase"]
[SourceQuality "1"]
[TimeControl "5400+30"]

1. e4 e5 2. Nf3 Nc6 3. Bc4 Nf6 4. d3 Be7 5. O-O O-O 6. Re1 d6 7. a4 Na5 8. Ba2 c5 9. Bg5 h6 10. Bxf6 Bxf6 11. Nc3 g6 12. Nd5 Bg7 13. c3 Nc6 14. b4 b6 15. b5 Na5 16. Rb1 Be6 17. Rb2 Kh8 18. Rd2 f5 19. Rc2 Rb8 20. Nf4 exf4 21. Bxe6 fxe4 22. dxe4 Qe7 23. Bd5 Rbc8 24. Qd3 c4 25. Qd1 Nb3 26. Nd4 Nc5 27. Nc6 Qd7 28. Bxc4 f3 29. Re3 Qg4 30. Rxf3 Qxe4 31. Bd5 Qxa4 32. Ne7 Rxf3 33. Bxf3 Re8 34. Nxg6+ Kh7 35. Bh5 Qxc2 36. Nf8+ Kg8 37. Qd5+ Kh8 38. Ng6+ Qxg6 1/2-1/2

[Event "Portugal Open 2020"]
[Site "Lisbon"]
[Date "2020.01.29"]
[Round "6.12"]
[White "Campora, Daniel H."]
[Black "Risting, Eivind Olav"]
[Result "1-0"]
[ECO "B30"]
[WhiteElo "2420"]
[BlackElo "2306"]
[Annotator "ChessBase"]
[PlyCount "115"]
[EventDate "2020.01.25"]
[EventType "swiss"]
[EventCountry "POR"]
[SourceTitle "playchess.com"]
[Source "ChessBase"]
[SourceQuality "1"]
[TimeControl "5400+30"]

1. e4 c5 2. Nf3 Nc6 3. Bb5 e6 4. Bxc6 bxc6 5. O-O Ne7 6. c3 Ng6 7. d4 cxd4 8. cxd4 d6 9. Qc2 Bb7 10. Bg5 f6 11. Be3 Be7 12. Nc3 O-O 13. Rfe1 Qd7 14. Rad1 Rac8 15. Qa4 f5 16. e5 d5 17. Bg5 Bxg5 18. Nxg5 Qe7 19. Nf3 c5 20. Qxa7 c4 21. Qa4 Bc6 22. Qc2 Nf4 23. Rf1 g5 24. Qd2 Be8 25. Ne1 Ng6 26. f3 f4 27. g3 h5 28. Ng2 Rf7 29. Rf2 Qf8 30. gxf4 gxf4 31. Kh1 Kh8 32. Rg1 Rb8 33. Qc1 Rfb7 34. Rd2 Qe7 35. Ne2 Qf8 36. Rc2 Rf7 37. Qe1 Qe7 38. Nc3 Rf5 39. Rd2 Qd8 40. Ne2 Qe7 41. Qf2 Rb7 42. Qe1 Rb8 43. Nc3 Qd8 44. Nd1 Rb7 45. Nf2 Qa5 46. Nh3 Qd8 47. Re2 Qe7 48. Qc1 Qf8 49. Rc2 Rb8 50. Qd2 Ba4 51. Rc3 Qb4 52. b3 cxb3 53. axb3 Bd7 54. Ngxf4 Nxf4 55. Nxf4 Kh7 56. Qg2 Qe7 57. Qg6+ Kh8 58. Qxf5 1-0

[Event "Portugal Open 2020"]
[Site "Lisbon"]
[Date "2020.01.29"]
[Round "6.24"]
[White "Jaracz, Pawel"]
[Black "Cordeiro, Joao Carlos Santos F"]
[Result "1-0"]
[ECO "C95"]
[WhiteElo "2466"]
[BlackElo "2005"]
[Annotator "ChessBase"]
[PlyCount "89"]
[EventDate "2020.01.25"]
[EventType "swiss"]
[EventCountry "POR"]
[SourceTitle "playchess.com"]
[Source "ChessBase"]
[SourceQuality "1"]
[TimeControl "5400+30"]

1. e4 e5 2. Nf3 Nc6 3. Bb5 a6 4. Ba4 Nf6 5. O-O b5 6. Bb3 Be7 7. Re1 d6 8. c3 O-O 9. h3 Nb8 10. d4 Nbd7 11. Nbd2 Bb7 12. Bc2 Re8 13. Nf1 Bf8 14. Ng3 g6 15. Bd2 c5 16. d5 c4 17. b4 a5 18. a4 bxa4 19. Bxa4 Qc7 20. Qe2 Reb8 21. Rec1 Nb6 22. Bb5 axb4 23. cxb4 Rxa1 24. Rxa1 Ra8 25. Rc1 Ba6 26. Bxa6 Rxa6 27. Be3 Nfd7 28. Qc2 Ra4 29. Qb1 Qa7 30. Nd2 Qa6 31. Ne2 f5 32. Nc3 Ra3 33. exf5 gxf5 34. Qxf5 Ra1 35. Nde4 Rxc1+ 36. Bxc1 Qa1 37. Qg5+ Kh8 38. Kh2 Be7 39. Qxe7 Qxc1 40. g3 Qh6 41. Nxd6 Qf6 42. Qe8+ Kg7 43. Nce4 Qf8 44. Qe6 c3 45. Nf5+ 1-0

[Event "Portugal Open 2020"]
[Site "Lisbon"]
[Date "2020.01.29"]
[Round "6.27"]
[White "Gonzalez Trigal, Jose Luis"]
[Black "Chennaoui, Yasin"]
[Result "1-0"]
[ECO "A41"]
[WhiteElo "2369"]
[BlackElo "2093"]
[Annotator "ChessBase"]
[PlyCount "128"]
[EventDate "2020.01.25"]
[EventType "swiss"]
[EventCountry "POR"]
[SourceTitle "playchess.com"]
[Source "ChessBase"]
[SourceQuality "1"]
[TimeControl "5400+30"]

1. d4 d6 2. Nf3 Nd7 3. c4 e5 4. Nc3 Ngf6 5. g3 Be7 6. Bg2 O-O 7. O-O c6 8. b3 Re8 9. Qc2 Bf8 10. Rd1 a6 11. e3 Rb8 12. Bb2 b5 13. dxe5 dxe5 14. Ne4 Qc7 15. Rac1 c5 16. Nfg5 h6 17. Nxf6+ Nxf6 18. Ne4 Nxe4 19. Bxe4 Be6 20. Bd5 Rbd8 21. Bxe6 Rxe6 22. Rxd8 Qxd8 23. Rd1 Rd6 24. Rxd6 Qxd6 25. cxb5 axb5 26. a4 bxa4 27. bxa4 Qb6 28. Bxe5 Qb4 29. Bc3 Qa3 30. a5 c4 31. Qb2 Qa4 32. Qd2 Qb5 33. Qd4 h5 34. h4 Qb1+ 35. Kg2 Qb7+ 36. e4 Qc6 37. Kh2 Qa4 38. Kg1 Qb5 39. Qb6 Qxb6 40. axb6 Bd6 41. b7 f6 42. f4 Kf7 43. e5 Bb8 44. Kf2 Ke6 45. Ke3 Kd5 46. exf6 gxf6 47. Bxf6 Ba7+ 48. Kd2 Kc6 49. Bd4 Bb8 50. Be5 Bxe5 51. fxe5 Kxb7 52. Kc3 Kc7 53. Kxc4 Kc6 54. Kd4 Kd7 55. Ke4 Ke7 56. Kf5 Kf7 57. Kg5 Ke6 58. Kxh5 Kxe5 59. Kg6 Ke4 60. h5 Kf3 61. h6 Kxg3 62. h7 Kf2 63. h8=Q Ke1 64. Qh2 Kd1 1-0

[Event "Portugal Open 2020"]
[Site "Lisbon"]
[Date "2020.01.29"]
[Round "6.37"]
[White "Kurylski, Leonardo Tavares"]
[Black "Costa, Paulo"]
[Result "*"]
[ECO "B06"]
[WhiteElo "1980"]
[BlackElo "2179"]
[Annotator "RC"]
[PlyCount "102"]
[EventDate "2020.01.25"]
[EventType "swiss"]
[EventCountry "POR"]
[SourceTitle "playchess.com"]
[Source "ChessBase"]
[SourceQuality "1"]
[TimeControl "5400+30"]

1. d4 d6 2. e4 g6 3. Nc3 Bg7 4. Be3 a6 5. a4 Nd7 6. a5 e5 7. h4 Ngf6 8. d5 Nc5 9. f3 Nh5 10. Nge2 f5 11. b4 Nd7 12. g4 fxg4 13. fxg4 Nf4 14. g5 h6 15. Rg1 hxg5 16. hxg5 Rh5 17. Bf2 Nf8 18. Ra3 Nh7 19. Nxf4 exf4 20. Ne2 Be5 21. Qc1 f3 22. Nf4 Rxg5 23. Rh1 Qf6 24. Rxh7 Bb2 25. Qd2 Bxa3 26. Bd4 Re5 27. Kf2 Bxb4 28. Qxb4 Qxf4 29. Bxe5 Qxe5 30. Rxc7 Qh2+ 31. Ke3 Qg1+ 32. Kd2 Qf2+ 33. Kc3 Qe1+ 34. Kb3 Qb1+ 35. Kc3 Qxb4+ 36. Kxb4 g5 37. c4 g4 38. c5 dxc5+ 39. Kxc5 Bd7 40. Kd4 g3 41. Ke3 g2 42. Bxg2 fxg2 43. Kf2 Ke7 44. Kxg2 Kd6 45. Rxb7 Bb5 46. Kf3 Rf8+ 47. Ke3 Rf1 48. Rb6+ Kc5 49. Re6 Ra1 50. Kf4 Rxa5 51. Ke5 Ra1 *

[Event "Portugal Open 2020"]
[Site "Lisbon"]
[Date "2020.01.30"]
[Round "7.16"]
[White "Stella, Andrea"]
[Black "Santos, Jose Guilherme B Lim"]
[Result "1-0"]
[ECO "A46"]
[WhiteElo "2465"]
[BlackElo "2211"]
[Annotator "ChessBase"]
[PlyCount "107"]
[EventDate "2020.01.25"]
[EventType "swiss"]
[EventCountry "POR"]
[SourceTitle "playchess.com"]
[Source "ChessBase"]
[SourceQuality "1"]
[TimeControl "5400+30"]

1. d4 Nf6 2. Nf3 e6 3. g3 b6 4. Bg2 Bb7 5. O-O Be7 6. c4 d6 7. Nc3 O-O 8. d5 exd5 9. cxd5 b5 10. Nxb5 Nxd5 11. Nfd4 Qd7 12. e4 Nb6 13. Re1 Bf6 14. a4 a6 15. Nc3 Nc6 16. Nxc6 Bxc6 17. a5 Bxc3 18. bxc3 Na4 19. c4 Rab8 20. f3 Nc5 21. Be3 Qe6 22. Qe2 Rb4 23. Bxc5 dxc5 24. Qf2 Qe5 25. f4 Qd4 26. Qxd4 cxd4 27. Bf1 Rd8 28. Bd3 Rdb8 29. c5 Bb5 30. Red1 Kf8 31. e5 Bxd3 32. Rxd3 Ke7 33. Rad1 Rd8 34. Kf2 Ke6 35. Kf3 Kd5 36. c6 Rdb8 37. Kg4 R8b5 38. Kf5 Rxa5 39. g4 Rc5 40. Rh3 h6 41. g5 hxg5 42. Rh7 Rxc6 43. Rxg7 gxf4 44. Rxf7 f3 45. Rd7+ Kc5 46. e6 Rbb6 47. Rc1+ Kb5 48. Rd5+ Kb4 49. Rxd4+ Ka5 50. Rxc6 Rxc6 51. e7 f2 52. Rf4 Rc5+ 53. Kf6 Rc4 54. Rf5+ 1-0

[Event "Portugal Open 2020"]
[Site "Lisbon"]
[Date "2020.01.30"]
[Round "7.28"]
[White "Chkhaidze, Nikoloz"]
[Black "Maloberti, David"]
[Result "1/2-1/2"]
[ECO "C15"]
[WhiteElo "2288"]
[BlackElo "2017"]
[Annotator "ChessBase"]
[PlyCount "122"]
[EventDate "2020.01.25"]
[EventType "swiss"]
[EventCountry "POR"]
[SourceTitle "playchess.com"]
[Source "ChessBase"]
[SourceQuality "1"]
[TimeControl "5400+30"]

1. e4 e6 2. d4 d5 3. Nc3 Bb4 4. exd5 exd5 5. Bd3 Nf6 6. Nge2 O-O 7. O-O h6 8. a3 Bd6 9. Nb5 Be7 10. Bf4 Na6 11. Ng3 c6 12. Nc3 Bd6 13. Bxd6 Qxd6 14. Bxa6 bxa6 15. Na4 Rb8 16. b4 a5 17. c3 Ne4 18. Nxe4 dxe4 19. Nc5 f5 20. f3 Re8 21. fxe4 fxe4 22. Qh5 Re7 23. Rae1 e3 24. Qf3 Be6 25. Qxe3 Rbe8 26. Qe5 Qd5 27. Qxd5 Bxd5 28. Nd3 Bc4 29. Rxe7 Rxe7 30. Re1 Rxe1+ 31. Nxe1 axb4 32. axb4 Kf7 33. Kf2 Ke6 34. Ke3 Kf5 35. Nd3 h5 36. Ne5 Bd5 37. g3 g5 38. c4 Bg2 39. Nf7 Kf6 40. Nd6 Ke6 41. Nc8 a6 42. Kd3 Kf5 43. Ke3 Ke6 44. c5 Kf5 45. Ne7+ Kf6 46. Nc8 Kf5 47. Nb6 Ke6 48. h4 gxh4 49. gxh4 Kf5 50. d5 Bxd5 51. Nxd5 cxd5 52. Kd3 Kf6 53. Kd2 Ke6 54. Kc3 Kd7 55. Kb3 Kc7 56. Ka3 Kc6 57. Ka4 Kb7 58. Ka5 d4 59. Ka4 Kc6 60. Kb3 a5 61. bxa5 Kxc5 1/2-1/2

[Event "Portugal Open 2020"]
[Site "Lisbon"]
[Date "2020.01.30"]
[Round "7.29"]
[White "Fidalgo, Andre Neves"]
[Black "Casagrande, Federico"]
[Result "1/2-1/2"]
[ECO "A40"]
[WhiteElo "2282"]
[BlackElo "1999"]
[Annotator "ChessBase"]
[PlyCount "60"]
[EventDate "2020.01.25"]
[EventType "swiss"]
[EventCountry "POR"]
[SourceTitle "playchess.com"]
[Source "ChessBase"]
[SourceQuality "1"]
[TimeControl "5400+30"]

1. d4 Nf6 2. c4 e6 3. g3 Bb4+ 4. Bd2 a5 5. Nf3 O-O 6. Bg2 d5 7. a3 Be7 8. Qc2 c6 9. O-O Nbd7 10. a4 b6 11. cxd5 cxd5 12. Nc3 Ba6 13. Rfc1 Rc8 14. Qd1 Nb8 15. Ne5 Nfd7 16. Nf3 Nc6 17. Nb5 Nf6 18. Bf4 Nh5 19. Bd2 Nf6 20. Bf4 Nh5 21. Bf1 Nxf4 22. gxf4 Bxb5 23. axb5 Na7 24. e3 Bd6 25. Bd3 Qd7 26. Qf1 Rxc1 27. Rxc1 Rc8 28. Ra1 Rc7 29. Qh3 f5 30. Qf1 Nc8 1/2-1/2

[Event "Portugal Open 2020"]
[Site "Lisbon"]
[Date "2020.01.30"]
[Round "7.30"]
[White "Frois, Antonio"]
[Black "Kurylski, Leonardo Tavares"]
[Result "1-0"]
[ECO "A04"]
[WhiteElo "2273"]
[BlackElo "1980"]
[Annotator "ChessBase"]
[PlyCount "64"]
[EventDate "2020.01.25"]
[EventType "swiss"]
[EventCountry "POR"]
[SourceTitle "playchess.com"]
[Source "ChessBase"]
[SourceQuality "1"]
[TimeControl "5400+30"]

1. Nf3 b6 2. g3 Bb7 3. Bg2 g6 4. O-O Bg7 5. c4 e5 6. Nc3 Ne7 7. d4 exd4 8. Nxd4 Bxg2 9. Kxg2 Nbc6 10. Be3 O-O 11. Nxc6 Nxc6 12. Qd2 Ne5 13. b3 Ng4 14. Bd4 Nf6 15. Rad1 Re8 16. Rfe1 d6 17. e4 Qd7 18. f3 h5 19. Qf4 Nh7 20. Bxg7 Kxg7 21. e5 Rad8 22. Re4 dxe5 23. Rxe5 Qc6 24. Nd5 Nf6 25. Rxe8 Rxe8 26. Nxc7 Re2+ 27. Kf1 Rxh2 28. Rd6 Qxc7 29. Qxf6+ Kh7 30. Rd8 Qxd8 31. Qxd8 Rxa2 32. Qf8 Ra5 1-0

[Event "Portugal Open 2020"]
[Site "Lisbon"]
[Date "2020.01.30"]
[Round "7.31"]
[White "Grabuzova, Tatiana"]
[Black "Botelho, Luis Miguel Rodrigue"]
[Result "1-0"]
[ECO "B06"]
[WhiteElo "2284"]
[BlackElo "1987"]
[Annotator "ChessBase"]
[PlyCount "119"]
[EventDate "2020.01.25"]
[EventType "swiss"]
[EventCountry "POR"]
[SourceTitle "playchess.com"]
[Source "ChessBase"]
[SourceQuality "1"]
[TimeControl "5400+30"]

1. d4 g6 2. e4 Bg7 3. Nf3 c5 4. dxc5 Qa5+ 5. c3 Qxc5 6. Na3 Nf6 7. Be3 Qa5 8. e5 Ng4 9. Bd4 Nc6 10. Nc4 Qd5 11. h3 Nxd4 12. Qxd4 Qxd4 13. cxd4 Nh6 14. Bd3 O-O 15. O-O b6 16. Be4 Rb8 17. Rfc1 Ba6 18. Ne3 Bb7 19. Bxb7 Rxb7 20. Nd5 Re8 21. Rc8 Rxc8 22. Nxe7+ Kf8 23. Nxc8 Rc7 24. Nd6 Rc2 25. Rd1 f6 26. exf6 Bxf6 27. Ne4 Bg7 28. Rd2 Rc1+ 29. Kh2 Nf5 30. g4 Ne7 31. Ne5 Re1 32. Nxd7+ Ke8 33. Ndf6+ Kf7 34. g5 Nf5 35. d5 h6 36. d6 Bxf6 37. Nxf6 Nxd6 38. Rxd6 hxg5 39. Ng4 Re2 40. Rd7+ Ke6 41. Rxa7 Rxb2 42. Rg7 Kf5 43. Rf7+ Ke4 44. Rf6 b5 45. Rxg6 b4 46. Rxg5 Rxa2 47. Rb5 Rb2 48. Kg2 b3 49. h4 Kd4 50. Ne3 Rb1 51. h5 Kc3 52. h6 Ra1 53. h7 Ra8 54. Rb7 Rh8 55. Rc7+ Kd3 56. Nc4 Kc2 57. Na5+ Kb2 58. Kg3 Ka2 59. Nxb3 Kxb3 60. Kg4 1-0

[Event "Portugal Open 2020"]
[Site "Lisbon"]
[Date "2020.01.30"]
[Round "7.32"]
[White "Cordeiro, Joao Carlos Santos F"]
[Black "Corbalan Gomez, Juan Jose"]
[Result "0-1"]
[ECO "B89"]
[WhiteElo "2005"]
[BlackElo "2243"]
[Annotator "ChessBase"]
[PlyCount "48"]
[EventDate "2020.01.25"]
[EventType "swiss"]
[EventCountry "POR"]
[SourceTitle "playchess.com"]
[Source "ChessBase"]
[SourceQuality "1"]
[TimeControl "5400+30"]

1. e4 c5 2. Nf3 Nc6 3. d4 cxd4 4. Nxd4 Nf6 5. Nc3 d6 6. Bc4 e6 7. Be3 a6 8. Bb3 Be7 9. Qe2 O-O 10. O-O-O Qc7 11. Kb1 Bd7 12. f3 b5 13. Qf2 Nxd4 14. Bxd4 a5 15. a4 Rfb8 16. axb5 Bxb5 17. Nxb5 Rxb5 18. Ba4 Rb4 19. b3 Rab8 20. Bb2 Rxa4 21. bxa4 Qc3 22. Kc1 Qxb2+ 23. Kd2 Rc8 24. Rc1 Nxe4+ 0-1

[Event "Portugal Open 2020"]
[Site "Lisbon"]
[Date "2020.01.30"]
[Round "7.33"]
[White "Hill, Alistair"]
[Black "Ruiz Bellon, Manuel"]
[Result "1-0"]
[ECO "A30"]
[WhiteElo "2217"]
[BlackElo "1985"]
[Annotator "ChessBase"]
[PlyCount "75"]
[EventDate "2020.01.25"]
[EventType "swiss"]
[EventCountry "POR"]
[SourceTitle "playchess.com"]
[Source "ChessBase"]
[SourceQuality "1"]
[TimeControl "5400+30"]

1. c4 Nf6 2. Nf3 e6 3. g3 b6 4. Bg2 Bb7 5. O-O c5 6. Nc3 Be7 7. d4 cxd4 8. Qxd4 Nc6 9. Qf4 d6 10. e4 O-O 11. Rd1 Qc8 12. b3 Rd8 13. Bb2 a6 14. Rd2 Qc7 15. Rad1 Nd7 16. Qe3 Nde5 17. Ne1 Ng4 18. Qe2 Nf6 19. h3 Na7 20. Rc2 Nc6 21. Kh2 Nb4 22. Rcd2 e5 23. Nc2 Nxc2 24. Rxc2 Qd7 25. Rdc1 Ne8 26. h4 f5 27. Bh3 g6 28. Nd5 Bxd5 29. cxd5 Rdc8 30. exf5 gxf5 31. Rxc8 Rxc8 32. Qxa6 Rxc1 33. Bxc1 Qc7 34. Be3 f4 35. gxf4 exf4 36. Bxb6 Qc2 37. Qa8 Qg6 38. Bd7 1-0